 Dungeon Crawl Stone Soup version 0.22-a0-456-g11ed031 (webtiles) character file.

2774 cultivahabas the Grappler (level 9, -5/92 HPs)
             Began as a Troll Monk on June 7, 2018.
             Slain by a killer bee (7 damage)
             ... on level 7 of the Dungeon.
             The game lasted 00:13:21 (5722 turns).

cultivahabas the Grappler (Troll Monk)              Turns: 5722, Time: 00:13:23

Health: -5/92      AC:  7    Str: 21    XL:     9   Next: 42%
Magic:  8/8        EV: 10    Int:  9    God:
Gold:   380        SH:  0    Dex: 14    Spells: 8/8 levels left

rFire    . . .     SeeInvis .     - Unarmed
rCold    . . .     Gourm    +   (no shield)
rNeg     . . .     Faith    .   u - +0 robe
rPois    .         Spirit   .   (helmet restricted)
rElec    .         Reflect  .   m - +1 cloak
rCorr    .         Harm     .   (gloves unavailable)
MR       .....     Clarity  +   (boots unavailable)
Stlth    ++........             (no amulet)
HPRegen  0.65/turn              (no ring)
MPRegen  0.11/turn              (no ring)

@: lethally poisoned (-5 -> -5), hasted, very quick
A: large, unfitting armour, claws 3, fangs 1, agile 1, clarity, fast metabolism
3, gourmand, regeneration 1, shaggy fur 1, tough skin 2, subdued magic 1
a: no special abilities


You were on level 7 of the Dungeon.
You were not hungry.

You visited 2 branches of the dungeon, and saw 8 of its levels.

You collected 380 gold pieces.

Inventory:

Hand Weapons
 a - a +0 blowgun
Missiles
 c - 8 tomahawks (quivered)
 v - 33 poisoned needles
Armour
 m - a +1 cloak (worn)
 u - a +0 robe (worn)
Jewellery
 g - a +3 ring of intelligence {unknown}
 o - an uncursed ring of wizardry {unknown}
 z - the ring "Zotwischo" {MP+9 SInv, unknown}
   (You found it on level 6 of the Dungeon)

   [ring of magical power]

   It affects your magic capacity (+9).
   It lets you see invisible.
Wands
 h - a wand of scattershot (7)
 w - a wand of enslavement (12)
 A - a wand of iceblast (8)
Scrolls
 d - 4 scrolls of enchant armour
 j - 5 scrolls of remove curse
 k - a scroll of amnesia
 l - a scroll of fog
 n - 3 scrolls of teleportation
 t - a scroll of enchant weapon
 x - a scroll of immolation {unknown}
 y - a scroll of blinking
Potions
 e - 2 potions of mutation
 q - a potion of lignification {unknown}
 r - a potion of haste
 s - 2 potions of magic
Comestibles
 b - 7 rations


   Skills:
 + Level 6.4 Fighting
 + Level 3.7 Throwing
 - Level 2.4 Dodging
 - Level 1.0 Stealth
 * Level 10.4 Unarmed Combat


You had 8 spell levels left.
You didn't know any spells.
Your spell library was empty.

Dungeon Overview and Level Annotations

Branches:
Dungeon (7/15)             Temple (1/1) D:6

Altars:
Cheibriados
Dithmenos
Gozag
Hepliaklqana
Kikubaaqudgha
Makhleb
Okawaru
Qazlal
Ru
Sif Muna
Trog
Uskayaw
Wu Jian
Xom

Shops:
D:5 [


Innate Abilities, Weirdness & Mutations

You are too large for most types of armour.
You have claws for hands.
Your metabolism is lightning-fast.
You like to eat raw meat.
Your natural rate of healing is unusually fast.
You are covered in fur. (AC +1)
You have very tough skin. (AC +2)
You have very sharp teeth.
You are agile. (Dex +2)
You possess an exceptional clarity of mind.
Your spells are a little easier to cast, but a little less powerful.


Message History

You feel sick.
Things that are here:
a jackal corpse x2; a killer bee corpse You start resting.
A killer bee comes into view. x2
There are monsters nearby!
The killer bee buzzes angrily.
Found 21 bolts.
You barely miss the killer bee.
The killer bee buzzes angrily.
You bite the killer bee.
The killer bee is moderately wounded.
You feel sick.
You hear an angry buzzing noise. x2
The killer bee stings you.
* * * LOW HITPOINT WARNING * * *
You claw the killer bee!
The killer bee is almost dead.
The killer bee stings you!
You die...

##.(...#.. ##.........
#.†........
#.......... ♣♣#####
#....)..... ♣♣.....#
#.......... ♣♣......##
#.......)..
(........###..........
.......@yy†........#..
###########(....##.#..
...........
###....#.##.. ..####.#
#. .## # .


You could see 2 killer bees.

Vanquished Creatures
  The ghost of Galder the Magician, a novice DEWz (D:5)
  A hungry ghost (D:7)
  2 water moccasins (D:6)
  An orc warrior (D:4)
  A sky beast (D:6)
  A phantom (D:5)
  3 ogres
  5 centaurs
  A bullfrog (D:7)
  2 scorpions
  4 killer bees (D:7)
  3 howler monkeys
  4 orc priests
  2 hounds
  A centaur skeleton (D:6)
  6 orc wizards
  4 worker ants
  Natasha (thrice) (D:2)
  An iguana (D:3)
  A hound zombie (D:5)
  A hound skeleton (D:7)
  3 gnolls
  4 adders
  A shadow imp (D:6)
  2 oozes
  2 adder skeletons
  5 worms
  A dart slug (D:1)
  4 leopard geckos
  33 orcs
  2 ball pythons
  5 giant cockroaches
  5 hobgoblins
  10 jackals
  10 kobolds
  9 bats
  5 frilled lizards
  11 goblins
  2 jackal skeletons
  A leopard gecko zombie (D:3)
  20 rats
183 creatures vanquished.

Notes
Turn   | Place    | Note
-------+----------+-------------------------------------------
     0 | D:1      | cultivahabas the Troll Monk began the quest for the Orb.
     0 | D:1      | Reached XP level 1. HP: 22/22 MP: 0/0
    86 | D:1      | Reached XP level 2. HP: 27/29 MP: 1/1
   361 | D:1      | Reached XP level 3. HP: 36/36 MP: 2/2
   730 | D:2      | Reached skill level 4 in Unarmed Combat
   981 | D:2      | Noticed Natasha
   988 | D:2      | Killed Natasha
   988 | D:2      | Reached XP level 4. HP: 33/45 MP: 3/3
  1068 | D:2      | Found a faded altar of an unknown god.
  1085 | D:2      | Noticed Natasha
  1087 | D:2      | Killed Natasha
  1371 | D:2      | Found an ancient bone altar of Kikubaaqudgha.
  1373 | D:2      | Found a hazy altar of Hepliaklqana.
  1373 | D:2      | Found a shadowy altar of Dithmenos.
  1373 | D:2      | Found a burning altar of Makhleb.
  1373 | D:2      | Noticed Natasha
  1378 | D:2      | Killed Natasha
  1378 | D:2      | Reached skill level 5 in Unarmed Combat
  1378 | D:2      | Reached XP level 5. HP: 35/53 MP: 4/4
  2320 | D:3      | Reached XP level 6. HP: 62/62 MP: 5/5
  2463 | D:3      | Gained mutation: You have very sharp teeth. [potion of mutation]
  2463 | D:3      | Gained mutation: You possess an exceptional clarity of mind. [potion of mutation]
  2463 | D:3      | Gained mutation: Your spells are a little easier to cast, but a little less powerful. [potion of mutation]
  2463 | D:3      | Gained mutation: You are agile. (Dex +2) [potion of mutation]
  2493 | D:4      | Reached skill level 6 in Unarmed Combat
  2751 | D:4      | Noticed an orc warrior
  2773 | D:4      | Killed an orc warrior
  2773 | D:4      | Reached XP level 7. HP: 65/71 MP: 6/6
  2793 | D:4      | Reached skill level 7 in Unarmed Combat
  3216 | D:5      | Entered Level 5 of the Dungeon
  3488 | D:5      | Found Wiorr's Armour Shoppe.
  3505 | D:5      | Noticed Galder's ghost (novice DEWz)
  3525 | D:5      | Killed Galder's ghost
  3525 | D:5      | Reached skill level 5 in Fighting
  3525 | D:5      | Reached skill level 8 in Unarmed Combat
  3525 | D:5      | Reached XP level 8. HP: 53/80 MP: 7/7
  4383 | D:6      | Reached skill level 1 in Throwing
  4499 | D:6      | Reached skill level 9 in Unarmed Combat
  4603 | D:6      | Got a faintly glowing glass ring
  4736 | D:6      | Found a staircase to the Ecumenical Temple.
  4742 | Temple   | Entered the Ecumenical Temple
  5238 | D:7      | Reached XP level 9. HP: 48/89 MP: 8/8
  5254 | D:7      | Reached skill level 10 in Unarmed Combat
  5691 | D:7      | HP: 4/91 [poisoned by a killer bee]
  5700 | D:7      | HP: 4/91 [killer bee (2)]
  5708 | D:7      | HP: 4/92 [poisoned by a killer bee]
  5715 | D:7      | HP: 4/92 [poisoned by a killer bee]
  5721 | D:7      | HP: 2/92 [killer bee (4)]
  5722 | D:7      | Slain by a killer bee

Vault maps used:
D:1:      erik_arrival_orb_chamber, moated_statue, dk_noncrumbling_3
D:2:      grunt_temple_overflow_open, chequers_ecumenical_altar_island,
          kennysheep_boxes, uniq_natasha
D:3:      wad_river_or_something, first_ration
D:4:      guppyfry_early_orc_mine
D:5:      serial_shops, shop, nrook_mini_backslash
D:6:      minmay_temple_entry_hall
D:7:      good_gods_temple_1, kennysheep_mini
Temple:   eino_temple_lava

Skill      XL: |  1  2  3  4  5  6  7  8  9 |
---------------+----------------------------+-----
Unarmed Combat | 4 5 6 8 9 10 | 10.4
Fighting       | 3 4 5 6 |  6.4
Throwing       | 2 3 |  3.7
Dodging        | |  2.4
Stealth        | |  1.0

Action                   |  1- 3 |  4- 6 |  7- 9 || total
-------------------------+-------+-------+-------++-------
Melee: Unarmed           |   103 |   138 |   258 ||   499
       Punch             |     2 |     1 |    13 ||    16
       Bite              |       |     5 |    15 ||    20
 Fire: Blowgun           |       |       |     3 ||     3
Throw: Tomahawk          |       |       |     1 ||     1
  Use: Scroll            |       |    10 |     3 ||    13
       Potion            |       |     1 |     4 ||     5
 Stab: Sleeping          |     6 |     3 |     2 ||    11
       Confused          |       |       |     1 ||     1
  Eat: Chunk             |    14 |    17 |    29 ||    60
Armor: Robe              |    41 |    47 |    66 ||   154
Dodge: Dodged            |    38 |    61 |    99 ||   198

Table legend:
 A = Spawn XP
 B = Non-spawn XP
 C = Spawn XP percentage of total XP
 D = Spawn monster count
 E = Non-spawn monster count
 F = Spawn count percentage of total count
 G = Total turns spent on level
                    A         B        C        D         E        F      G
               +---------+---------+-------+---------+---------+-------+---------
         Total |       0 |    3963 |   0.0 |       0 |     183 |   0.0 |  5722
               +---------+---------+-------+---------+---------+-------+---------
           D:1 |       0 |      47 |   0.0 |       0 |      34 |   0.0 |   650
           D:2 |       0 |     167 |   0.0 |       0 |      20 |   0.0 |   920
           D:3 |       0 |     167 |   0.0 |       0 |      30 |   0.0 |   977
           D:4 |       0 |     517 |   0.0 |       0 |      24 |   0.0 |   867
           D:5 |       0 |     924 |   0.0 |       0 |      30 |   0.0 |   961
           D:6 |       0 |     830 |   0.0 |       0 |      20 |   0.0 |   933
           D:7 |       0 |    1311 |   0.0 |       0 |      25 |   0.0 |   341
               +---------+---------+-------+---------+---------+-------+---------
